AoeStats
← La Gata bajo la lluvia

Arena

506266674Analyzed
3v3 RM · 18d ago on Sep 13, 2026· 45m 13s· 6 players
Game mode
Random Map
Map size
Normal (6 player)
Population
200
Speed
Normal
Resources
Standard
Victory
Conquest
Starting age
Dark Age
Ending age
Imperial Age
RankedLock teamsTeams togetherTeam positionsShared explorationLock speedFull tech treeHidden civsTurbo modeCheats
Victory
Defeat
🇦🇷 Huns · Argentina
1254
+10
🇦🇷 Vietnamese · Argentina
1187
+13
862
+26
🇧🇴 Inca · Bolivia
1119
-17
🇨🇱 Tupi · Chile
1117
-16
🇧🇴 Bohemians · Bolivia
1090
-16
Surfista Boliviano
10:10 Feudal Age
12:32 Wheelbarrow
14:17 Castle Age
12:28 Horse Collar
13:28 Double-Bit Axe
15:17 Bow Saw
19:54 Heavy Plow
22:55 Wheelbarrow
23:01 Loom
23:15 Gold Mining
27:59 Imperial Age
26:37 Hand Cart
27:27 Forging
27:09 Fletching
27:20 Padded Archer Armor
27:23 Town Watch
27:47 Bodkin Arrow
28:13 Ballistics
28:35 Thumb Ring
28:07 Heavy Cavalry Archer
29:12 Leather Archer Armor
29:22 Bracer
30:07 Parthian Tactics
30:17 Conscription
31:03 Husbandry
31:18 Bloodlines
30:36 Capped Ram
32:51 Chemistry
33:15 Gold Shaft Mining
32:31 Stone Mining
33:43 Two-Man Saw
32:32 Siege Ram
35:10 Cavalier
37:18 Scale Barding Armor
37:24 Forging
37:19 Paladin
38:36 Chain Barding Armor
40:12 Iron Casting
38:59 Elite Tarkan
40:47 Plate Barding Armor
42:13 Blast Furnace
La Gata bajo la lluvia
11:03 Feudal Age
12:25 Loom
14:53 Castle Age
13:53 Double-Bit Axe
20:11 Padded Archer Armor
20:20 Horse Collar
24:24 Leather Archer Armor
25:28 Loom
25:59 Stone Mining
30:25 Town Watch
37:36 Wheelbarrow
37:17 Bow Saw
36:59 Gold Mining
40:24 Hand Cart
42:43 Imperial Age
41:06 Heavy Plow
41:42 Stone Shaft Mining
42:04 Bloodlines
41:54 Husbandry
42:44 Elite Conquistador
43:58 Ring Archer Armor
44:51 Chemistry
44:02 Masonry
45:09 Two-Man Saw
44:21 Inquisition
44:42 Supremacy
44:42 Conscription
Coco31724
10:18 Feudal Age
14:59 Gold Mining
19:44 Castle Age
20:28 Double-Bit Axe
20:26 Horse Collar
20:39 Stone Mining
21:52 Stone Shaft Mining
21:22 Heavy Plow
21:34 Bow Saw
22:06 Town Watch
24:22 Wheelbarrow
25:11 Fletching
25:22 Padded Archer Armor
31:00 Hand Cart
34:48 Imperial Age
33:32 Town Patrol
33:18 Loom
35:32 Ballistics
35:33 Leather Archer Armor
35:14 Bodkin Arrow
34:50 Crossbowman
37:47 Arbalester
38:33 Thumb Ring
PepoDGrizzly
7:56 Loom
9:52 Feudal Age
10:56 Town Watch
11:09 Double-Bit Axe
11:05 Horse Collar
16:01 Castle Age
19:21 Champi Runner
20:03 Squires
19:48 Arson
20:17 Forging
20:07 Scale Mail Armor
20:43 Champi Warrior
21:27 Heavy Plow
24:09 Bow Saw
23:50 Gold Mining
25:16 Iron Casting
26:54 Wheelbarrow
29:40 Chain Mail Armor
32:45 Imperial Age
31:34 Gold Shaft Mining
31:19 Caciques
33:11 Elite Champi Warrior
34:23 Plate Mail Armor
36:10 Two-Man Saw
36:26 Conscription
39:39 Elite Blackwood Archer
40:14 Fletching
40:24 Padded Archer Armor
40:42 Hand Cart
41:39 Ballistics
42:20 Chemistry
41:06 Arrowslits
41:20 Bodkin Arrow
42:03 Hoardings
41:36 Stone Mining
43:13 Curare
43:38 Bracer
45:16 Leather Archer Armor
MonocromaticPhox
3:11 Loom
11:47 Feudal Age
12:14 Horse Collar
12:19 Double-Bit Axe
14:18 Wheelbarrow
18:53 Castle Age
18:20 Town Watch
20:26 Bow Saw
24:15 Fervor
25:39 Sanctity
29:13 Imperial Age
29:05 Hand Cart
29:28 Atonement
30:34 Chemistry
29:16 Elite Skirmisher
30:35 Heavy Plow
30:37 Fletching
31:41 Block Printing
32:19 Bodkin Arrow
34:48 Theocracy
34:52 Hussite Reforms
36:43 Bracer
39:06 Siege Engineers
39:55 Houfnice
JorGui25
9:49 Feudal Age
12:06 Loom
17:42 Castle Age
16:19 Horse Collar
16:59 Double-Bit Axe
19:46 Fletching
22:14 Bodkin Arrow
25:03 Town Watch
Connection lost

Rejoining the realm…

Still unreachable

The connection could not be restored.

Session expired

The server has moved on; the page needs a fresh start.